AoeStats
← Ariakan

Arena

507570985Analyzed
4v4 RM · 13d ago on Sep 18, 2026· 39m 3s· 8 players
Game mode
Random Map
Map size
Large (8 player)
Population
200
Speed
Normal
Resources
Standard
Victory
Conquest
Starting age
Dark Age
Ending age
Imperial Age
RankedLock teamsTeams togetherTeam positionsShared explorationLock speedFull tech treeHidden civsTurbo modeCheats
Victory
Defeat
🇩🇪 Franks · Germany
994
+13
🇩🇪 Goths · Germany
994
+13
🇩🇪 Italians · Germany
928
+16
🇩🇪 Vietnamese · Germany
888
+18
🇹🇷 Slavs · Türkiye
982
-17
🇮🇳 Portuguese · India
977
-17
🇩🇪 Ethiopians · Germany
912
-14
🇲🇽 Hindustanis · Mexico
864
-12
Upsidupsi
0:40 Loom
11:57 Feudal Age
17:12 Castle Age
15:10 Horse Collar
15:40 Double-Bit Axe
17:36 Crossbowman
20:20 Wheelbarrow
26:19 Ballistics
30:53 Imperial Age
29:24 Fletching
29:34 Padded Archer Armor
30:31 Hand Cart
31:16 Arbalester
32:20 Heavy Camel Rider
34:30 Scale Barding Armor
34:36 Forging
35:37 Thumb Ring
bbjameshetfield
9:20 Loom
11:43 Feudal Age
18:04 Castle Age
16:25 Double-Bit Axe
22:33 Horse Collar
25:20 Wheelbarrow
24:31 Town Watch
25:03 Pikeman
25:43 Squires
27:45 Bow Saw
27:39 Heavy Plow
28:38 Gold Mining
28:39 Stone Mining
29:19 Detinets
29:39 Town Patrol
32:27 Imperial Age
30:25 Forging
30:15 Scale Mail Armor
Mono de Guayaba
5:30 Loom
11:41 Feudal Age
15:26 Bloodlines
15:52 Scale Barding Armor
23:01 Castle Age
22:51 Double-Bit Axe
22:49 Horse Collar
23:51 Wheelbarrow
24:16 Bow Saw
24:29 Husbandry
26:40 Padded Archer Armor
26:02 Elite Skirmisher
27:09 Chain Barding Armor
28:08 Leather Archer Armor
28:03 Thumb Ring
29:29 Heavy Plow
30:42 Caravan
32:35 Fletching
32:58 Gold Mining
33:35 Ballistics
33:38 Grand Trunk Road
35:47 Hand Cart
39:27 Imperial Age
37:13 Bodkin Arrow
vibhuyasha
0:39 Loom
12:57 Feudal Age
13:52 Horse Collar
14:00 Double-Bit Axe
19:21 Castle Age
23:10 Bow Saw
25:56 Wheelbarrow
28:51 Hand Cart
30:59 Fletching
33:42 Imperial Age
37:10 Arquebus
37:30 Conscription
38:20 Ballistics
39:02 Chemistry
cas
11:33 Feudal Age
15:58 Castle Age
13:48 Double-Bit Axe
15:36 Loom
22:09 Wheelbarrow
21:50 Bow Saw
23:09 Horse Collar
24:24 Heavy Plow
25:00 Hand Cart
30:27 Imperial Age
28:56 Forging
28:47 Scale Mail Armor
28:39 Town Watch
29:04 Squires
30:25 Town Patrol
31:04 Iron Casting
30:44 Chain Mail Armor
31:04 Anarchy
30:37 Elite Huskarl
33:51 Pikeman
36:09 Halberdier
37:17 Perfusion
40:14 Blast Furnace
Ariakan
11:39 Feudal Age
9:55 Loom
15:41 Castle Age
14:50 Stone Mining
16:13 Double-Bit Axe
20:15 Bow Saw
30:24 Husbandry
30:39 Fletching
31:08 Scale Barding Armor
31:16 Forging
34:17 Iron Casting
37:37 Imperial Age
35:57 Scale Barding Armor
39:26 Conscription
Kernarbeiter
4:21 Loom
12:46 Feudal Age
14:33 Double-Bit Axe
16:58 Castle Age
14:47 Double-Bit Axe
15:14 Horse Collar
15:27 Gold Mining
18:03 Wheelbarrow
18:09 Bow Saw
17:51 Stone Mining
22:42 Heavy Plow
24:13 Stone Shaft Mining
25:47 Hand Cart
25:22 Town Watch
26:07 Elite Skirmisher
27:10 Town Patrol
27:55 Fletching
28:05 Padded Archer Armor
29:55 Ballistics
30:16 Bodkin Arrow
31:49 Thumb Ring
32:01 Leather Archer Armor
35:39 Imperial Age
33:02 Crossbowman
33:55 Chatras
36:19 Forging
36:16 Scale Barding Armor
35:43 Imperial Skirmisher
36:34 Bracer
37:05 Ring Archer Armor
37:38 Chemistry
36:35 Murder Holes
36:48 Siege Engineers
38:25 Hoardings
37:27 Elite Battle Elephant
Darth
4:54 Loom
10:08 Feudal Age
19:13 Castle Age
17:06 Double-Bit Axe
18:56 Horse Collar
21:16 Fletching
22:05 Bodkin Arrow
23:48 Bow Saw
23:49 Heavy Plow
34:16 Imperial Age
31:52 Padded Archer Armor
33:24 Leather Archer Armor
32:33 Light Cavalry
33:23 Bloodlines
33:13 Husbandry
33:33 Gold Mining
34:10 Ballistics
35:59 Chemistry
35:01 Bracer
35:32 Ring Archer Armor
35:48 Wheelbarrow
36:33 Two-Man Saw
36:05 Crop Rotation
36:00 Conscription
36:08 Fortified Wall
38:07 Scale Barding Armor
39:14 Pirotechnia
Connection lost

Rejoining the realm…

Still unreachable

The connection could not be restored.

Session expired

The server has moved on; the page needs a fresh start.